 Dungeon Crawl Stone Soup version 0.29.1-15-g9cfb28693d (webtiles) character file.

Game seed: 13591818705633827878

18895 Peloso the Basher (level 12, -34/108 HPs)
             Began as a Minotaur Fighter on Apr 8, 2023.
             Was the Champion of Okawaru.
             Annihilated by a very large slime creature (41 damage)
             ... on level 12 of the Dungeon.
             The game lasted 00:25:40 (11650 turns).

Peloso the Basher (Minotaur Fighter)               Turns: 11650, Time: 00:25:41

Health: -34/108    AC: 18    Str: 24    XL:     12   Next: 31%
Magic:  11/11      EV:  9    Int:  5    God:    Okawaru [******]
Gold:   471        SH: 13    Dex: 19    Spells: 11/11 levels left

rFire   + . .      SeeInvis +   c - +7 long sword "Atuyjiec" {vamp, rElec Will+ Str-2}
rCold   + . .      Faith    .   d - +0 kite shield
rNeg    + + +      Spirit   .   Q - +3 chain mail {rPois}
rPois   +          Reflect  .   M - +2 hat
rElec   +          Harm     .   E - scarf {rC+ rF+}
rCorr   +          Rampage  .   o - +0 pair of gloves
Will    +....                   (no boots)
Stlth   ..........              u - amulet of regeneration
HPRegen 1.08/turn               p - ring "Pomycwah" {rElec rC- rN+++ rCorr Dex+6}
MPRegen 0.12/turn               J - ring "Mukhlu Mihu" {rC+ Str+3 SInv}

@: studying Maces & Flails
A: horns 2, retaliatory headbutt
a: Renounce Religion, Heroism, Finesse, Duel


You were on level 12 of the Dungeon.
You worshipped Okawaru.
Okawaru was exalted by your worship.
You visited 2 branches of the dungeon, and saw 13 of its levels.
You also visited: Sewer and Ossuary.

You collected 824 gold pieces.
You spent 353 gold pieces at shops.

Inventory:

Hand Weapons
 a - a +0 long sword
 b - the +9 morningstar of the Equator {freeze, rC- Str+2 SInv}
   (You found it on level 5 of the Dungeon)

   It freezes those it strikes, dealing additional cold damage.
   It can also slow down cold-blooded creatures.
   Str:       It affects your strength (+2).
   rC:        It makes you vulnerable to cold.
   SInv:      It lets you see invisible.
 c - the +7 long sword "Atuyjiec" (weapon) {vamp, rElec Will+ Str-2}
   (You found it on level 11 of the Dungeon)

   It occasionally heals its wielder for a portion of the damage dealt when it
   wounds a living foe.
   Str:       It affects your strength (-2).
   rElec:     It insulates you from electricity.
   Will:      It increases your willpower.
Missiles
 S - a throwing net (quivered)
Armour
 d - a +0 kite shield (worn)
 l - a +3 plate armour
 o - a +0 pair of gloves (worn)
 E - a scarf of resistance (worn)
 M - a +2 hat (worn)
 Q - a +3 chain mail of poison resistance (worn)
Jewellery
 k - a ring of magical power
 p - the ring "Pomycwah" (left hand) {rElec rC- rN+++ rCorr Dex+6}
   (You found it on level 3 of the Dungeon)

   [ring of dexterity]

   Dex:       It affects your dexterity (+6).
   rC:        It makes you vulnerable to cold.
   rElec:     It insulates you from electricity.
   rN:        It renders you almost immune to negative energy.
   rCorr:     It protects you from acid and corrosion.
 u - an amulet of regeneration (around neck)
 C - a ring of magical power
 J - the ring "Mukhlu Mihu" (right hand) {rC+ Str+3 SInv}
   (You bought it in a shop on level 6 of the Dungeon)

   [ring of see invisible]

   Str:       It affects your strength (+3).
   rC:        It protects you from cold.
   SInv:      It lets you see invisible.
 K - a ring of wizardry
 L - a ring of willpower
 N - an amulet of magic regeneration
 O - the ring of the Jackalope {+Blink rC+++ Will- MP+9}
   (You found it on level 9 of the Dungeon)

   [ring of magical power]

   rC:        It renders you almost immune to cold.
   MP:        It affects your magic capacity (+9).
   +Blink:    It lets you blink.
   Will:      It decreases your willpower.
 P - a ring of positive energy
Wands
 r - a wand of mindburst (7)
Scrolls
 g - 3 scrolls of poison
 h - a scroll of silence
 i - 9 scrolls of teleportation
 j - 4 scrolls of magic mapping
 n - 2 scrolls of butterflies
 t - 2 scrolls of enchant armour
 y - 2 scrolls of immolation {unknown}
 D - a scroll of vulnerability {unknown}
 F - a scroll of enchant weapon {unknown}
 G - 5 scrolls of amnesia {unknown}
 H - a scroll of fear {unknown}
 R - a scroll of blinking {unknown}
Potions
 e - 4 potions of might
 f - a potion of haste
 m - a potion of magic
 q - 5 potions of mutation
 s - 4 potions of lignification {unknown}
 v - a potion of invisibility {unknown}
 w - 10 potions of curing {unknown}
 x - 3 potions of flight {unknown}
 z - a potion of heal wounds
 A - 4 potions of degeneration {unknown}
 B - a potion of cancellation {unknown}
 I - a potion of brilliance {unknown}


   Skills:
 + Level 10.6 Fighting
 + Level 10.8 Long Blades
 + Level 14.5 Maces & Flails
 + Level 10.6 Armour
 + Level 3.2 Dodging
 + Level 1.1 Stealth
 + Level 12.0 Shields
 + Level 1.0 Invocations
 + Level 1.1 Evocations


You had 11 spell levels left.
You didn't know any spells.
Your spell library contained the following spells:

 Spells                   Type           Power      Damage    Failure   Level
 Sandblast                Erth           0%         2d4       99%         1
 Blink                    Tloc           0%         N/A       100%        2
 Ensorcelled Hibernation  Hex/Ice        0%         N/A       100%        2
 Passwall                 Tmut/Erth      0%         N/A       100%        2
 Frozen Ramparts          Ice            0%         1d1       100%        3
 Lesser Beckoning         Tloc           0%         N/A       100%        3
 Stone Arrow              Conj/Erth      0%         3d7       100%        3
 Swiftness                Air            0%         N/A       100%        3
 Ice Form                 Ice/Tmut       0%         N/A       100%        4
 Manifold Assault         Tloc           0%         N/A       100%        5
 Summon Small Mammal      Summ           Unusable   N/A       N/A         1
 Call Canine Familiar     Summ           Unusable   N/A       N/A         3
 Summon Guardian Golem    Hex/Summ       Unusable   N/A       N/A         3
 Summon Ice Beast         Ice/Summ       Unusable   N/A       N/A         4

Dungeon Overview and Level Annotations

Branches:
Dungeon (12/15)            Temple (1/1) D:6            Lair (0/5) D:11
    Orc (0/2) D:10          Sewer (visited)         Ossuary (visited)

Altars:
Ashenzari
Cheibriados
Dithmenos
Elyvilon
Fedhas
Gozag
Hepliaklqana
Kikubaaqudgha
Makhleb
Nemelex Xobeh
Okawaru
Qazlal
Ru
Sif Muna
Trog
Uskayaw
Vehumet
Wu Jian
Xom
Yredelemnul
Zin
The Shining One

Shops:
D:6 =   D:9 [   D:10 *

Annotations:
D:12 Dig


Innate Abilities, Weirdness & Mutations

You have a pair of horns on your head.
You reflexively headbutt those who attack you in melee.


Message History

You block the slime creature's attack.
The very large slime creature barely misses you.
The slime creature hits you but does no damage.
You slash the very large slime creature!
You headbutt the very large slime creature!
The very large slime creature is severely wounded.
The slime creature hits you.
The very large slime creature completely misses you.
You block the slime creature's attack.
You barely miss the very large slime creature.
The very large slime creature is severely wounded.
You block the very large slime creature's attack.
The slime creature hits you. The slime creature hits you!
You slash the very large slime creature!
You feel better.
You headbutt the very large slime creature!
The very large slime creature is almost dead.
The very large slime creature hits you!!!
The slime creature hits you! You block the slime creature's attack.
The slime creature hits you. You block the slime creature's attack.
The very large slime creature hits you!!!
* * * LOW HITPOINT WARNING * * *
Okay, then.
The slime creature attacks as you move away!
You block the slime creature's attack.
The slime creature attacks as you move away!
You block the slime creature's attack.
Two slime creatures merge to form a large slime creature.
The very large slime creature attacks as you move away!
You block the very large slime creature's attack.
The very large slime creature attacks as you move away!
The very large slime creature hits you but does no damage.
The very large slime creature attacks as you move away!
The very large slime creature closely misses you.
The very large slime creature attacks as you move away!
The very large slime creature hits you!
* * * LOW HITPOINT WARNING * * *
The very large slime creature attacks as you move away!
The very large slime creature hits you!!!
You die...

+#####...'.........#####.........
. #####.....<...# ######'### .#
########'## #.# .. #.# #.# #.####
#.# #.# .....# ##.# #'# ...(.#
#..# .....######### #.##
.............###@######
.....#######..JJ......# .....#
####..####.# .....# #.## . ##†###
#.# . #.. #.# ##.# #.# .# #.# T#
#.#


You could see a very large slime creature and a large slime creature.

Vanquished Creatures
  Gastronok (D:8)
  A boulder beetle (D:12)
  Erolcha (D:9)
  3 two-headed ogres
  A cyclops (D:11)
  3 oklob plants (D:11)
  2 manticores
  A gargoyle (D:12)
  A kobold demonologist (D:9)
  Psyche (D:7)
  A troll (D:12)
  7 slime creatures
  4 shadows
  A wyvern (D:11)
  Sigmund (D:3)
  16 yaks
  Eustachio (D:4)
  3 wraiths
  4 vampire mosquitoes (D:12)
  A two-headed ogre zombie (D:10)
  2 water moccasins
  2 orc warriors
  2 ice beasts (D:6)
  2 black bears
  A sky beast (D:4)
  3 centaurs
  2 phantoms
  2 bullfrogs (D:8)
  A kobold brigand (D:7)
  4 gnoll sergeants
  2 necrophages (D:5)
  4 scorpions
  5 water moccasin zombies (Ossuary)
  8 wights
  27 killer bees
  4 howler monkeys
  2 electric eels (D:10)
  5 hounds
  9 orc priests
  3 jellies
  A gnoll bouda (D:5)
  Jessica (D:3)
  Natasha (thrice) (D:3)
  Terence (D:2)
  2 iguanas
  12 orc wizards
  7 ogre zombies (D:10)
  3 mummies
  Robin (D:2)
  23 gnolls
  9 adders
  A shadow imp (D:5)
  5 white imps
  3 ufetubi
  3 adder zombies (Ossuary)
  4 worms
  3 dart slugs
  30 orcs
  7 ball pythons
  4 bats
  9 endoplasms
  6 giant cockroaches
  4 gnoll zombies (Ossuary)
  15 goblins
  11 hobgoblins
  A jackal (D:1)
  8 quokkas
  9 frilled lizards
  A goblin skeleton (D:10)
  3 goblin zombies (D:10)
  A hobgoblin skeleton (D:10)
  10 hobgoblin zombies
  20 kobolds
  4 kobold zombies (Ossuary)
  3 orc skeletons (D:10)
  19 orc zombies
  11 rats
  A spectral hobgoblin (D:1)
403 creatures vanquished.

Vanquished Creatures (others)
  A scorpion (D:5)
  A dart slug (D:5)
  A ball python (D:4)
  27 plants
30 creatures vanquished.

Grand Total: 433 creatures vanquished

Notes
Turn   | Place    | Note
-------+----------+-------------------------------------------
     0 | D:1      | Peloso the Minotaur Fighter began the quest for the Orb.
     0 | D:1      | Reached XP level 1. HP: 19/19 MP: 0/0
     4 | D:1      | Noticed a demonspawn
     4 | D:1      | Noticed a tengu
     6 | D:1      | Noticed a draconian
     6 | D:1      | Noticed a human
     8 | D:1      | Noticed a spriggan
     8 | D:1      | Noticed a felid
    10 | D:1      | Noticed a vine stalker
    10 | D:1      | Noticed an elf
    12 | D:1      | Noticed a troll
    12 | D:1      | Noticed a formicid
    14 | D:1      | Noticed an ogre
    14 | D:1      | Noticed a ghoul
    16 | D:1      | Noticed a meteoran
    16 | D:1      | Noticed a merfolk
    18 | D:1      | Noticed a palentonga
    18 | D:1      | Noticed a gargoyle
    20 | D:1      | Noticed a demigod
    20 | D:1      | Noticed a vampire
    22 | D:1      | Noticed a naga
    22 | D:1      | Noticed a minotaur
    24 | D:1      | Noticed an octopode
    26 | D:1      | Noticed a naga
    26 | D:1      | Noticed a troll
   114 | D:1      | Reached XP level 2. HP: 25/27 MP: 1/1
   488 | D:1      | Found a faded altar of an unknown god.
   746 | D:1      | Reached XP level 3. HP: 32/33 MP: 2/2
  1908 | D:2      | Reached XP level 4. HP: 34/40 MP: 3/3
  1945 | D:2      | Noticed Terence
  1955 | D:2      | Killed Terence
  2069 | D:2      | Noticed Robin
  2081 | D:2      | Reached skill level 1 in Dodging
  2095 | D:2      | Killed Robin
  2468 | D:3      | Noticed Jessica
  2473 | D:3      | Killed Jessica
  2474 | D:3      | Reached XP level 5. HP: 47/47 MP: 4/4
  2481 | D:3      | Noticed Natasha
  2495 | D:3      | Killed Natasha
  2500 | D:3      | Reached skill level 5 in Long Blades
  2671 | D:3      | Noticed Sigmund
  2671 | D:3      | Noticed Natasha
  2694 | D:3      | Killed Natasha
  2712 | D:3      | Killed Sigmund
  2713 | D:3      | Reached skill level 5 in Shields
  2713 | D:3      | Reached XP level 6. HP: 10/55 MP: 5/5
  2993 | D:3      | Found a glowing silver altar of Zin.
  3057 | D:3      | Noticed Natasha
  3065 | D:3      | Killed Natasha
  3066 | D:3      | Reached skill level 5 in Armour
  3104 | D:3      | Found a broken altar of Ashenzari.
  3108 | D:3      | Identified the ring "Pomycwah" {rElec rC- rN+++ rCorr
                  | Dex+6}
  3580 | D:4      | Noticed Eustachio
  3596 | D:4      | Reached skill level 5 in Fighting
  3614 | D:4      | Reached XP level 7. HP: 57/61 MP: 6/6
  3666 | D:4      | Killed Eustachio
  4669 | D:5      | Entered Level 5 of the Dungeon
  4698 | D:5      | Found a sand-covered staircase.
  4714 | Ossuary  | Entered an ossuary
  4764 | Ossuary  | Reached XP level 8. HP: 70/70 MP: 7/7
  5070 | D:5      | Found a shimmering altar of Xom.
  5095 | D:5      | Identified the +9 morningstar of the Equator {freeze, rC-
                  | Str+2 SInv}
  5852 | D:5      | Reached XP level 9. HP: 78/78 MP: 8/8
  6243 | D:6      | Found a glowing drain.
  6272 | Sewer    | Entered a sewer
  6298 | Sewer    | Reached skill level 10 in Long Blades
  6663 | D:6      | Reached skill level 1 in Maces & Flails
  6819 | D:6      | Reached skill level 2 in Maces & Flails
  6919 | D:6      | Found Xuynke's Jewellery Boutique.
  6932 | D:6      | Bought the ring "Mukhlu Mihu" {rC+ Str+3 SInv} for 353 gold
                  | pieces
  7191 | D:6      | Found a staircase to the Ecumenical Temple.
  7201 | Temple   | Entered the Ecumenical Temple
  7273 | Temple   | Became a worshipper of Warmaster Okawaru
  7310 | D:7      | Found a blossoming altar of Fedhas.
  7311 | D:7      | Found a burning altar of Makhleb.
  7311 | D:7      | Found a sacrificial altar of Ru.
  7313 | D:7      | Found an ancient bone altar of Kikubaaqudgha.
  7529 | D:7      | Reached skill level 3 in Maces & Flails
  7612 | D:7      | Reached * piety under Okawaru
  7631 | D:7      | Found a snail-covered altar of Cheibriados.
  7850 | D:8      | Reached skill level 4 in Maces & Flails
  7943 | D:8      | Reached skill level 5 in Maces & Flails
  7958 | D:8      | Noticed Psyche
  8148 | D:7      | Killed Psyche
  8148 | D:7      | Reached ** piety under Okawaru
  8149 | D:7      | Reached XP level 10. HP: 88/88 MP: 6/9
  8221 | D:8      | Noticed Gastronok
  8235 | D:8      | Killed Gastronok
  8235 | D:8      | Reached *** piety under Okawaru
  8236 | D:8      | Reached skill level 6 in Maces & Flails
  8271 | D:8      | Reached skill level 7 in Maces & Flails
  8276 | D:8      | Reached skill level 1 in Stealth
  8509 | D:8      | Reached skill level 10 in Shields
  8603 | D:8      | Reached skill level 8 in Maces & Flails
  8833 | D:9      | Identified the ring of the Jackalope {+Blink rC+++ Will-
                  | MP+9}
  8895 | D:9      | Reached **** piety under Okawaru
  8896 | D:9      | Reached skill level 9 in Maces & Flails
  8948 | D:9      | Noticed Erolcha
  8961 | D:9      | Killed Erolcha
  8995 | D:9      | Reached skill level 1 in Evocations
  9002 | D:9      | Reached XP level 11. HP: 84/95 MP: 10/10
  9006 | D:9      | Reached skill level 10 in Maces & Flails
  9087 | D:9      | Noticed a two-headed ogre
  9093 | D:9      | Killed a two-headed ogre
  9094 | D:9      | Reached skill level 1 in Invocations
  9174 | D:9      | Found Rueram's Antique Armour Shop.
  9231 | D:9      | Reached skill level 11 in Maces & Flails
  9544 | D:10     | Entered Level 10 of the Dungeon
  9601 | D:10     | Found a staircase to the Orcish Mines.
  9613 | D:10     | Reached ***** piety under Okawaru
  9643 | D:10     | Reached skill level 12 in Maces & Flails
  9674 | D:10     | Found a white marble altar of Elyvilon.
  9887 | D:10     | Found Qireon's General Store.
  9985 | D:10     | Reached skill level 13 in Maces & Flails
 10408 | D:10     | Noticed a two-headed ogre
 10410 | D:10     | Killed a two-headed ogre
 10581 | D:11     | Identified the +7 long sword "Atuyjiec" {vamp, rElec Will+
                  | Str-2}
 10668 | D:11     | Found a staircase to the Lair.
 10669 | D:11     | Noticed an oklob plant
 10673 | D:11     | Noticed an oklob plant
 10673 | D:11     | Noticed an oklob plant
 10681 | D:11     | Killed an oklob plant
 10695 | D:11     | Killed an oklob plant
 10696 | D:11     | Reached skill level 14 in Maces & Flails
 10702 | D:11     | Killed an oklob plant
 10954 | D:11     | Received a gift from Okawaru
 10955 | D:11     | Reached skill level 10 in Fighting
 10955 | D:11     | Reached skill level 10 in Armour
 10968 | D:11     | Reached XP level 12. HP: 69/106 MP: 11/11
 11211 | D:12     | Reached ****** piety under Okawaru
 11434 | D:12     | Noticed a two-headed ogre
 11443 | D:12     | Killed a two-headed ogre
 11449 | D:12     | Noticed a boulder beetle
 11489 | D:12     | Killed a boulder beetle
 11635 | D:12     | HP: 1/108 [very large slime creature (50)]
 11647 | D:12     | HP: 3/108 [very large slime creature (10)]
 11650 | D:12     | Annihilated by a very large slime creature

Illustrated notes

Levels and vault maps discovered:
D:1:      kb_arrival_jail, layout_basic,
          dreamdust_ecumenical_altar_drowned_temple, minmay_tetromino_o4
D:2:      layout_basic, uniq_robin, uniq_terence
D:3:      layout_rooms, ashenzari_conservatory_becter, zin_statuary,
          uniq_natasha, uniq_sigmund, uniq_jessica
D:4:      layout_basic, uniq_eustachio
D:5:      layout_basic, xom_confusion_cloud, serial_bayou,
          serial_bayou_crossing, serial_bayou_pond_a, serial_bayou_lagoon_a,
          serial_bayou_pond_e, nicolae_ossuary_entry_ruins, corner_web_ring,
          hangedman_decor_peaks_small
D:6:      layout_loops_ring, minmay_temple_entry_poolview, serial_shops,
          nicolae_shop_crystal, portal_sewer_entry_f
D:7:      layout_rooms, chequers_temple_overflow_statue_of_worship, slow_altar_1
D:8:      layout_gridville, uniq_psyche, uniq_gastronok
D:9:      layout_roguey, serial_shops, nicolae_shop_window_shopping,
          uniq_erolcha
D:10:     layout_basic, nicolae_elyvilon_temple_path, zombieorc2_lemuel,
          serial_shops, shop, hangedman_abyss_or_decor_stagger
D:11:     layout_cave_pools, dpeg_oklobed_lair
D:12:     layout_roguey, due_unseen_surprise
Temple:   compressed_dpeg_triangle_lava_temple

Skill      XL: |  1  2  3  4  5  6  7  8  9 10 11 12 |
---------------+-------------------------------------+-----
Shields        | 4 5 6 7 9 10 11 12 | 12.0
Armour         | 4 5 6 7 8 10 | 10.6
Fighting       | 4 5 6 8 10 | 10.6
Long Blades    | 3 4 6 7 9 10 | 10.8
Dodging        | 1 3 |  3.2
Maces & Flails | 5 9 14 | 14.5
Stealth        | 1 |  1.1
Evocations     | 1 |  1.1
Invocations    | 1 |  1.0

Action                   |  1- 3 |  4- 6 |  7- 9 | 10-12 || total
-------------------------+-------+-------+-------+-------++-------
Melee: Long sword        |   101 |   160 |   289 |   158 ||   708
       Headbutt          |     8 |    25 |    64 |   123 ||   220
       Morningstar       |       |       |   139 |   311 ||   450
Invok: Heroism           |       |       |     2 |     4 ||     6
Evoke: Wand              |       |       |       |     3 ||     3
  Use: Potion            |     1 |       |       |       ||     1
       Scroll            |     1 |       |     5 |     3 ||     9
 Stab: Invisible         |       |       |     1 |       ||     1
Armor: Scale mail        |    34 |       |       |       ||    34
       Chain mail        |    21 |    30 |       |   170 ||   221
       Plate armour      |       |    90 |   287 |    88 ||   465
Dodge: Dodged            |    39 |    45 |   115 |   157 ||   356
Block: Buckler           |     2 |       |       |       ||     2
       Kite shield       |    41 |    95 |   314 |   305 ||   755
